 Dungeon Crawl Stone Soup version 0.30.1-4-g462c640d31 (webtiles) character file.

Game seed: 5088517341240321863

58 leafyfresh the Covert (level 4, -2/44 HPs)
             Began as a Naga Delver on Aug 17, 2023.
             Succumbed to Robin's poison
             ... on level 3 of the Dungeon.
             The game lasted 00:05:49 (2347 turns).

leafyfresh the Covert (Naga Delver)                 Turns: 2347, Time: 00:05:50

Health: -2/44      AC:  3    Str: 15    XL:     4   Next: 1%
Magic:  4/4        EV:  9    Int: 12    God:
Gold:   136        SH:  0    Dex: 12    Spells: 3/3 levels left

rFire   . . .        a - +0 short sword
rCold   + . .        (no shield)
rNeg    . . .        b - +0 leather armour
rPois   +            (no helmet)
rElec   .            p - scarf {shadows}
rCorr   .            v - +0 pair of gloves
SInv    +            (no barding)
Will    .....        t - amulet of magic regeneration
Stlth   +++          e - ring of wizardry
HPRegen 0.27/turn    n - ring of protection from cold
MPRegen 0.49/turn

%: wizardry (x1)
@: lethally poisoned (-2 -> -12), very slow
A: AC +1, large, see invisible, deformed body, poison resistance, slowness 2,
spit poison 1, naga tail 1
a: Spit Poison


You were on level 3 of the Dungeon.
You visited 1 branch of the dungeon, and saw 5 of its levels.

You collected 136 gold pieces.

Inventory:

Hand Weapons
 a - a +0 short sword (weapon)
Missiles
 q - 3 boomerangs
Armour
 b - a +0 leather armour (worn)
 o - a +0 cloak
 p - a scarf of shadows (worn)
 v - a +0 pair of gloves (worn)
Jewellery
 e - a ring of wizardry (left hand)
 n - a ring of protection from cold (right hand)
 t - an amulet of magic regeneration (around neck)
 u - a ring of fire
Wands
 g - a wand of digging (3)
Scrolls
 c - 2 scrolls of fog
 d - a scroll of magic mapping
 j - a scroll of brand weapon
 k - a scroll of identify
Potions
 h - a potion of berserk rage {unknown}
 i - a potion of haste
 l - a potion of resistance {unknown}
 m - a potion of attraction {unknown}
 r - a potion of magic {unknown}
 s - a potion of might {unknown}


   Skills:
 + Level 4.0 Fighting
 - Level 2.0 Short Blades
 - Level 1.5 Dodging
 - Level 8.1 Stealth
 + Level 0.4 Spellcasting


You had 3 spell levels left.
You didn't know any spells.
Your spell library contained the following spells:

 Spells                   Type           Power      Damage    Failure   Level
 Poisonous Vapours        Pois/Air       0%         N/A       24%         2
 Mephitic Cloud           Conj/Pois/Air  0%         N/A       41%         3
 Freezing Cloud           Conj/Ice/Air   0%         6-21      98%         5


Dungeon Overview and Level Annotations

Branches:
Dungeon (5/15)
 Temple: D:4-7

Altars:
Kikubaaqudgha

Annotations:
D:3 Robin


Innate Abilities, Weirdness & Mutations

Your serpentine skin is tough. (AC +1)
You have supernaturally acute eyesight. (SInv)
Armour fits poorly on your strangely shaped body.
Your system is resistant to poisons. (rPois)
You cover ground very slowly.
You can spit poison.
You have a snake-like lower body.


Message History

Unknown command.
You closely miss Robin.
You feel sick.
Robin hits you with a +0 spear of venom.
The goblin hits you but does no damage.
You hit Robin but do no damage.
You feel sick.
You hit Robin.
Robin is lightly wounded.
You feel sick.
You are no longer poisoned.
The goblin no longer looks unusually strong.
Robin barely misses you. The goblin hits you with a +0 club.
Unknown command.
You hit Robin.
Robin is moderately wounded.
Robin hits you with a +0 spear of venom.
The goblin hits you with a +0 club.
* * * LOW HITPOINT WARNING * * *
Unknown command.
You closely miss Robin.
Robin is moderately wounded.
Robin closely misses you. The goblin hits you with a +0 club.
* * * LOW HITPOINT WARNING * * *
Unknown command.
You barely miss Robin.
Robin is moderately wounded.
Robin roars a battlecry!
The goblin goes into a battle-frenzy!
The goblin hits you with a +0 club.
* * * LOW HITPOINT WARNING * * *
Unknown command.
You barely miss Robin.
Robin is moderately wounded.
Robin hits you with a +0 spear of venom.
* * * LOW HITPOINT WARNING * * *
You are lethally poisoned!
The goblin barely misses you.
Unknown command.
You hit Robin.
Robin is heavily wounded.
You die...

###.#....g####.g #
#....##.g.....# #..###
##..... ...# #..#
#g##'##...
##..#######.#...#..#
##...........#.⌠.#..#
#..##........#...#..##
#..#.........##'##...##
...............g@gg...#
#####........#####..#.#
########## ..#_##
....## ....## #####


You could see Robin and 2 goblins.

Vanquished Creatures
  2 dart slugs (D:1)
  An orc (D:5)
  2 bats
  4 endoplasms
  2 giant cockroaches (D:1)
  8 goblins
  4 hobgoblins
  2 jackals (D:2)
  3 kobolds (D:1)
  2 quokkas
  8 ball pythons
  3 frilled lizards
  6 rats
47 creatures vanquished.

Notes
Turn   | Place    | Note
-------+----------+-------------------------------------------
     0 | D:5      | leafyfresh the Naga Delver began the quest for the Orb.
     0 | D:5      | Reached XP level 1. HP: 21/21 MP: 1/1
   114 | D:3      | Noticed Robin
   333 | D:2      | Reached XP level 2. HP: 26/28 MP: 2/2
   377 | D:2      | Reached skill level 8 in Stealth
   483 | D:2      | Found an ancient bone altar of Kikubaaqudgha.
   856 | D:1      | Reached XP level 3. HP: 34/34 MP: 3/3
  2066 | D:3      | Found an ancient bone altar of Kikubaaqudgha.
  2318 | D:3      | Found a faded altar of an unknown god.
  2329 | D:3      | Reached XP level 4. HP: 10/44 MP: 4/4
  2346 | D:3      | HP: 1/44 [Robin/+0 spear of venom (4)]
  2347 | D:3      | Succumbed to Robin's poison

Illustrated notes

Levels and vault maps discovered:
D:1:      giann_forest_graveyard, layout_loops_corners
D:2:      layout_basic, basic_altar, due_unseen_surprise
D:3:      layout_rooms, nicolae_kikubaaqudgha_miasma_corner,
          ebering_ecumenical_altar_rust, grunt_decor_one_mirror,
          minmay_misc_feat_room, uniq_robin
D:4:      layout_basic, grunt_temple_overflow_open, uniq_sigmund
D:5:      layout_basic, serial_corexii_hall, corexii_hall_statues_i,
          corexii_hall_statues_l, uniq_grinder

Skill      XL: |  1  2  3 |
---------------+----------+-----
Stealth        | 8 |  8.1
Fighting       | 4 |  4.0
Short Blades   | |  2.0
Dodging        | |  1.5
Spellcasting   | |  0.4

Action                     |  1- 3 |  4- 6 || total
---------------------------+-------+-------++-------
  Melee: Short sword       |   137 |    16 ||   153
         Punch             |     1 |       ||     1
Ability: Spit Poison       |     1 |       ||     1
    Use: Scroll            |     5 |       ||     5
         Potion            |     1 |     2 ||     3
   Stab: Sleeping          |    13 |       ||    13
 Armour: Leather armour    |    25 |     4 ||    29
  Dodge: Dodged            |    84 |    12 ||    96
